Workbook
Name Coût_Unitaire: 'Données Jeu'!$D$2:$D$27
Name Météo: 'Données Jeu'!$A$2:$A$10
Name Produits: 'Données Jeu'!$C$2:$C$27

Sheet TCD
A3: Étiquettes de lignes | B3: Max de Bénéfice
A4: Jus d'orange | B4: 22.77
A5: Soleil | B5: 22.77
A6: Couvert | B6: 11.96
A7: Total général | B7: 22.77

Sheet Base de donnée ventes
A1: Produits | B1: Coût unitaire | C1: Météo | D1: Prix de vente | E1: Performance | F1: Bénéfice
A2: Jus d'orange | B2: =VLOOKUP(A2,'Données Jeu'!C6:D31,2) -> 0.5 | C2: Soleil | D2: 3 | E2: 5.8 | F2: =E2*(D2-B2) -> 14.5
A3: Jus d'orange | B3: =VLOOKUP(A3,'Données Jeu'!C4:D29,2) -> 0.5 | C3: Soleil | D3: 3.5 | E3: 3.9 | F3: =E3*(D3-B3) -> 11.7
A4: Jus d'orange | B4: =VLOOKUP(A4,'Données Jeu'!C3:D28,2) -> 0.5 | C4: Soleil | D4: 3.9 | E4: 3.2 | F4: =E4*(D4-B4) -> 10.88
A5: Jus d'orange | B5: =VLOOKUP(A5,'Données Jeu'!C2:D27,2) -> 0.5 | C5: Soleil | D5: 4 | E5: 2.9 | F5: =E5*(D5-B5) -> 10.15
A6: Jus d'orange | B6: =VLOOKUP(A6,'Données Jeu'!C7:D32,2) -> 0.5 | C6: Soleil | D6: 2.5 | E6: 7.7 | F6: =E6*(D6-B6) -> 15.4
A7: Jus d'orange | B7: =VLOOKUP(A7,'Données Jeu'!C8:D33,2) -> 0.5 | C7: Soleil | D7: 2 | E7: 12.5 | F7: =E7*(D7-B7) -> 18.75
A8: Jus d'orange | B8: =VLOOKUP(A8,'Données Jeu'!C9:D34,2) -> 0.5 | C8: Soleil | D8: 1.5 | E8: 21.6 | F8: =E8*(D8-B8) -> 21.6
A9: Jus d'orange | B9: =VLOOKUP(A9,'Données Jeu'!C10:D35,2) -> 0.5 | C9: Soleil | D9: 1.4 | E9: 25.3 | F9: =E9*(D9-B9) -> 22.77
A10: Jus d'orange | B10: =VLOOKUP(A10,'Données Jeu'!C11:D36,2) -> 0.5 | C10: Couvert | D10: 2.3 | E10: 5.9 | F10: =E10*(D10-B10) -> 10.62
A11: Jus d'orange | B11: =VLOOKUP(A11,'Données Jeu'!C12:D37,2) -> 0.5 | C11: Couvert | D11: 1.8 | E11: 9.2 | F11: =E11*(D11-B11) -> 11.96
B12: =VLOOKUP(A12,'Données Jeu'!C13:D38,2) -> #N/A
B13: =VLOOKUP(A13,'Données Jeu'!C14:D39,2) -> #N/A
B14: =VLOOKUP(A14,'Données Jeu'!C15:D40,2) -> #N/A
B15: =VLOOKUP(A15,'Données Jeu'!C16:D41,2) -> #N/A
B16: =VLOOKUP(A16,'Données Jeu'!C17:D42,2) -> #N/A
B17: =VLOOKUP(A17,'Données Jeu'!C18:D43,2) -> #N/A
B18: =VLOOKUP(A18,'Données Jeu'!C19:D44,2) -> #N/A
B19: =VLOOKUP(A19,'Données Jeu'!C20:D45,2) -> #N/A
B20: =VLOOKUP(A20,'Données Jeu'!C21:D46,2) -> #N/A
B21: =VLOOKUP(A21,'Données Jeu'!C22:D47,2) -> #N/A
B22: =VLOOKUP(A22,'Données Jeu'!C23:D48,2) -> #N/A
B23: =VLOOKUP(A23,'Données Jeu'!C24:D49,2) -> #N/A
... B99: =VLOOKUP(A99,'Données Jeu'!C100:D125,2) -> #N/A

Sheet Données Jeu
A1: Météo | C1: Produits | D1: Coût Unitaire
A2: Enfer Caniculaire | C2: Ampoules | D2: 0.9
A3: Canicule | C3: Bagues | D3: 50
A4: Grand Soleil | C4: Bandanas | D4: 0.5
A5: Soleil | C5: Beurres | D5: 0.14
A6: Eclaircies | C6: Bijoux | D6: 2
A7: Couvert | C7: Bracelets | D7: 8
A8: Averses Tropicales | C8: Chaises | D8: 5
A9: Tempête Tropicale | C9: Chausettes | D9: 1
A10: Cyclone Tropical | C10: Chaussures | D10: 4
C11: Chewing-gum | D11: 0.25
C12: Cigarettes | D12: 2
C13: Colliers or | D13: 18
C14: Dentifrices | D14: 1.5
C15: Discman | D15: 24
C16: Journaux | D16: 1.25
C17: Jus de pomme | D17: 0.8
C18: Jus d'orange | D18: 0.5
C19: Maillots | D19: 2
C20: Montres | D20: 6.67
C21: Ordinateurs | D21: 100
C22: Outils | D22: 10
... C27: Télévisions | D27: 60
